Map: Ruins of Seras

Players

State - Winner!

  • Race: Protoss Protoss
  • League: Grandmaster

llllllllllll

  • Race: Protoss Protoss
  • League: Grandmaster

VOD

Have the link to the VOD?

Description

Time

  • Played on: Jan. 13, 2016, 1:12 a.m.
  • Length: 13:07
Show
View Real Time Build Order
Export as new Build Order

State Protoss - Winner!

Build Orders: Zealot Archon, Dark Templar Rush 

Get SALT Encoding   

  12  0:01  Probe (Chrono Boost)  
  13  0:11  Probe (Chrono Boost)  
  14  0:18  Pylon  
  14  0:22  Probe (Chrono Boost)  
  15  0:36  Probe (Chrono Boost)  
  15  0:37  Gateway  
  16  0:43  Assimilator  
  16  0:47  Probe (Chrono Boost)  
  17  0:54  Assimilator  
  17  0:57  Probe (Chrono Boost)  
  18  1:08  Probe (Chrono Boost)  
  19  1:13  Gateway  
  20  1:18  Probe (Chrono Boost)  
  20  1:25  Cybernetics Core  
  20  1:29  Probe (Chrono Boost)  
  21  1:39  Probe (Chrono Boost)  
  22  1:41  Pylon  
  22  1:50  Probe (Chrono Boost)  
  25  2:02  Mothership Core (Chrono Boost)  
  25  2:04  Adept x2  
  25  2:07  Warp Gate (Chrono Boost)  
  29  2:17  Pylon  
  29  2:25  Twilight Council  
  29  2:32  Probe  
  30  2:44  Probe  
  30  2:50  Stalker x2  
  35  3:03  Dark Shrine  
  35  3:13  Probe  
  35  3:19  Pylon  
  36  3:42  Gateway  
  36  3:44  Nexus  
  36  3:50  Probe  
  37  4:06  Robotics Facility  
  35  4:13  Probe  
  35  4:15  Pylon  
  34  4:25  Probe, Dark Templar  
  34  4:30  Dark Templar  
  39  4:37  Probe  
  40  4:49  Probe  
  41  4:53  Blink (Chrono Boost)  
  41  4:54  Observer  
  40  5:00  Probe  
  40  5:01  Probe  
  42  5:10  Probe  
  42  5:13  Probe  
  44  5:21  Stalker x2, Probe  
  46  5:24  Stalker  
  46  5:25  Probe  
  52  5:29  Pylon  
  52  5:31  Probe  
  53  5:39  Gateway  
  53  5:42  Probe  
  53  5:43  Gateway  
  53  5:48  Gateway  
  54  5:51  Sentry x2  
  54  5:56  Gateway  
  58  5:59  Probe  
  58  6:00  Probe  
  60  6:07  Stalker  
  60  6:09  Probe  
  62  6:13  Probe  
  62  6:14  Assimilator  
  62  6:18  Assimilator  
  64  6:20  Probe  
  64  6:23  Dark Templar  
  64  6:25  Zealot  
  69  6:27  Probe  
  69  6:31  Probe  
  71  6:36  Stalker, Archon  
  73  6:41  Stalker  
  73  6:45  Probe, Forge  
  73  6:46  Probe  
  77  7:01  Stalker  
  77  7:03  Probe  
  77  7:06  Nexus  
  77  7:07  Pylon  
  78  7:15  Pylon  
  78  7:16  Charge (Chrono Boost)  
  78  7:27  Probe  
  78  7:29  Observer (Chrono Boost)  
  79  7:30  Stalker x2  
  79  7:34  Probe, Protoss Ground Weapons Level 1 (Chrono Boost)  
  84  7:38  Photon Cannon  
  84  7:40  Probe  
  85  7:48  Photon Cannon  
  85  7:52  Immortal (Chrono Boost)  
  85  7:57  Probe  
  90  8:04  Pylon  
  90  8:05  Pylon  
  90  8:07  Pylon  
  90  8:22  Immortal  
  90  8:31  Probe x2  
  96  8:34  Zealot  
  96  8:35  Zealot x5  
  96  8:40  Probe  
  106  8:43  Probe  
  106  8:47  Pylon  
  107  8:48  Pylon  
  107  8:56  Dark Templar x3  
  107  9:00  Dark Templar, Archon  
  115  9:07  Dark Templar  
  117  9:10  Archon  
  117  9:11  Dark Templar x2  
  117  9:13  Probe x2  
  117  9:15  Probe  
  117  9:16  Warp Prism  
  124  9:22  Archon  
  124  9:23  Assimilator  
  126  9:46  Stalker x6  
  126  9:47  Warp Prism  
  138  10:01  Protoss Ground Weapons Level 2 (Chrono Boost)  
  138  10:05  Assimilator  
  138  10:10  Gateway  
  138  10:11  Gateway  
  138  10:12  Pylon  
  138  10:22  Pylon  
  138  10:24  Pylon  
  138  10:29  Pylon  
  138  10:31  Pylon  
  138  10:32  Dark Templar x2  
  138  10:33  Dark Templar x2  
  146  10:37  Immortal, Zealot  
  146  10:38  Archon x2  
  152  10:44  Pylon  
  152  10:45  Pylon  
  152  10:48  Probe x2  
  154  10:52  Photon Cannon  
  152  11:19  Stalker x8  
  168  11:29  Photon Cannon  
  168  11:42  Stalker x7  
  182  12:00  Stalker  
  182  12:08  Stalker x6  
  182  12:13  Zealot  
  161  12:18  Immortal  
  143  12:28  Zealot  
  129  12:31  Zealot x2  
  129  12:34  Zealot x4  
  129  12:36  Zealot  
  103  12:50  Zealot  
  93  12:55  Zealot x6  
  93  12:58  Zealot  
Show
View Real Time Build Order
Export as new Build Order

llllllllllll Protoss 

Build Orders: Nexus First 

Get SALT Encoding   

  12  0:01  Probe (Chrono Boost)  
  13  0:11  Probe (Chrono Boost)  
  14  0:19  Pylon  
  14  0:22  Probe (Chrono Boost)  
  15  0:38  Probe (Chrono Boost)  
  16  0:48  Probe (Chrono Boost)  
  17  1:00  Nexus  
  17  1:09  Gateway  
  17  1:14  Probe (Chrono Boost)  
  18  1:18  Assimilator  
  18  1:25  Probe (Chrono Boost)  
  19  1:26  Assimilator  
  19  1:35  Probe (Chrono Boost)  
  20  1:43  Gateway  
  20  1:46  Probe (Chrono Boost)  
  21  1:56  Cybernetics Core  
  21  2:00  Probe (Chrono Boost)  
  22  2:11  Probe (Chrono Boost)  
  22  2:13  Probe (Chrono Boost)  
  24  2:22  Probe (Chrono Boost)  
  25  2:23  Probe (Chrono Boost)  
  26  2:32  Probe (Chrono Boost)  
  26  2:33  Adept x2 (Chrono Boost)  
  26  2:35  Warp Gate  
  31  2:39  Probe  
  32  2:45  Mothership Core (Chrono Boost)  
  34  2:54  Pylon  
  34  2:55  Probe (Chrono Boost)  
  35  3:08  Stalker  
  35  3:11  Probe (Chrono Boost)  
  35  3:12  Stalker  
  40  3:13  Probe (Chrono Boost)  
  41  3:22  Probe (Chrono Boost)  
  43  3:27  Robotics Facility  
  43  3:31  Pylon  
  42  3:35  Probe (Chrono Boost)  
  42  3:38  Probe (Chrono Boost)  
  44  3:45  Probe (Chrono Boost)  
  44  3:48  Probe (Chrono Boost)  
  44  3:56  Probe (Chrono Boost)  
  44  3:59  Probe (Chrono Boost)  
  44  4:06  Probe (Chrono Boost)  
  44  4:10  Probe (Chrono Boost), Stargate  
  44  4:16  Observer  
  45  4:17  Probe (Chrono Boost)  
  45  4:20  Probe (Chrono Boost)  
  45  4:22  Pylon  
  46  4:32  Assimilator  
  46  4:36  Assimilator  
  46  4:37  Pylon  
  46  4:41  Probe x2 (Chrono Boost)  
  48  4:50  Probe (Chrono Boost), Observer  
  48  4:51  Probe (Chrono Boost)  
  49  4:53  Phoenix (Chrono Boost)  
  49  5:00  Probe  
  49  5:03  Probe  
  50  5:10  Probe  
  51  5:15  Probe  
  51  5:16  Phoenix (Chrono Boost)  
  54  5:21  Probe  
  54  5:26  Nexus  
  54  5:27  Probe  
  56  5:30  Pylon  
  56  5:31  Probe  
  57  5:39  Probe, Phoenix (Chrono Boost)  
  57  5:42  Probe  
  60  5:47  Pylon  
  60  5:49  Pylon  
  61  5:51  Probe  
  62  5:58  Pylon  
  62  5:59  Immortal (Chrono Boost)  
  66  6:17  Gateway  
  66  6:22  Gateway  
  66  6:26  Gateway  
  66  6:34  Immortal (Chrono Boost)  
  66  6:35  Stalker x2  
  74  6:46  Phoenix  
  70  7:01  Stalker x2  
  78  7:08  Immortal (Chrono Boost)  
  78  7:12  Pylon  
  78  7:14  Probe  
  77  7:16  Pylon  
  77  7:19  Sentry  
  80  7:25  Probe  
  80  7:26  Phoenix  
  80  7:29  Zealot x3  
  89  7:35  Probe, Twilight Council  
  90  7:43  Probe  
  91  7:45  Pylon  
  91  7:46  Probe  
  92  7:56  Probe  
  93  8:03  Immortal (Chrono Boost), Charge (Chrono Boost)  
  93  8:04  Assimilator  
  97  8:07  Probe  
  97  8:09  Assimilator  
  98  8:15  Templar Archives  
  98  8:17  Probe  
  99  8:28  Probe  
  100  8:38  Probe  
  101  8:41  Gateway  
  101  8:43  Pylon  
  101  8:45  Gateway  
  101  8:46  Immortal (Chrono Boost)  
  103  8:49  Probe  
  103  8:55  Nexus  
  104  8:57  Pylon, Phoenix  
  104  8:59  Probe  
  107  9:02  Pylon  
  107  9:08  High Templar  
  107  9:09  High Templar x3  
  115  9:10  Probe  
  115  9:16  Archon x2  
  116  9:20  Probe  
  116  9:22  Phoenix  
  119  9:28  Forge  
  119  9:31  Probe, Pylon  
  116  9:32  Probe x2  
  113  9:42  Probe  
  113  9:44  Probe  
  111  9:47  Phoenix  
  111  9:49  Probe  
  111  9:52  Probe  
  114  9:54  High Templar x2  
  114  9:55  High Templar x2  
  114  9:56  Probe  
  124  10:00  Archon x2  
  124  10:02  High Templar x2  
  124  10:03  Probe  
  124  10:05  Immortal (Chrono Boost)  
  132  10:10  Archon  
  132  10:12  Pylon  
  132  10:13  Probe  
  132  10:14  Pylon  
  132  10:16  Probe x2  
  132  10:21  Photon Cannon  
  135  10:22  Protoss Ground Weapons Level 1 (Chrono Boost)  
  135  10:24  Probe, Photon Cannon  
  135  10:27  Photon Cannon  
  136  10:29  Phoenix  
  136  10:34  Probe  
  139  10:45  Immortal (Chrono Boost), Probe  
  144  10:50  Nexus  
  144  10:52  Pylon  
  144  11:08  Pylon, High Templar x3  
  144  11:09  Pylon, High Templar  
  152  11:15  Immortal (Chrono Boost), Pylon  
  152  11:17  Archon x2, Assimilator  
  156  11:20  Assimilator  
  156  11:25  Gateway  
  156  11:27  Gateway  
  156  11:28  Gateway  
  156  11:34  High Templar x2  
  156  11:35  Zealot  
  156  11:38  Archon  
  162  11:46  High Templar  
  164  11:47  High Templar  
  164  11:50  Pylon  
  164  11:58  Archon  
  164  12:00  Zealot x3  
  142  12:17  Zealot x2  
  142  12:20  Zealot x5  
  128  12:23  Immortal  
  114  12:36  Zealot x3  
  104  12:43  Zealot x2  
  88  12:44  Zealot x5  
  86  12:57  High Templar x3  
  82  13:01  Archon  
Tags
 
Add a new tag
Caveats
  • Supply blocks, unpowered buildings, or Contaminate may cause inaccurate times.
  • Supply counts are checked every 10 seconds.